 Dungeon Sprint DCSS version 0.16-a0-3625-g2624681 (webtiles) character file.

27358 BluebellGnoll the Evocator (level 13, -14/133 HPs)
             Began as a Deep Dwarf Berserker on Jan 14, 2015.
             Was the Champion of Trog.
             Hit by a large rock thrown by a stone giant (35 damage)
             ... in the Dungeon (Sprint IX: "|||||||||||||||||||||||||||||").
             The game lasted 00:34:30 (1696 turns).

BluebellGnoll the Evocator (Deep Dwarf Berserker)   Turns: 1696, Time: 00:34:30

Health: -14/133    AC: 19    Str: 23    XL:     13   Next: 3%
Magic:  29/29      EV: 11    Int: 13    God:    Trog [******]
Gold:   96         SH:  0    Dex: 13    Spells: 0 memorised, 12 levels left

rFire  . . .     SeeInvis .     m - +3 war axe (freeze)
rCold  + . .     Clarity  +     U - +3 scale mail {rPois}
rNeg   . . .     SustAb   .     (no shield)
rPois  +         Gourm    .     E - +2 helmet {Int+3}
rElec  .         Spirit   .     (no cloak)
rCorr  .         Warding  .     a - +0 pair of gloves
rMut   .         NoTele   +     D - +0 pair of boots
MR     +....                    N - amulet of clarity
Stlth  +.........               X - ring of protection from cold
                                o - +2 ring of protection

@: very slightly contaminated, non-regenerating, somewhat resistant to hostile
enchantments, very unstealthy
A: damage resistance, recharge devices, sense surroundings 2, slow healing 3
a: Device Recharging, Burn Spellbooks, Berserk, Trog's Hand, Brothers in Arms,
Renounce Religion


You were in the Dungeon.
You worshipped Trog.
Trog was exalted by your worship.
You were very full.

You visited 1 branch You collected 1900 gold pieces.
You spent 1804 gold pieces at shops.

Inventory:

Hand weapons
 b - a +4 war axe of distortion
 m - a +3 war axe of freezing (weapon)
 v - a +3 battleaxe of chopping
 F - a +4 antimagic executioner's axe
 G - a +5 antimagic broad axe
 L - a +3 battleaxe of flaming
Missiles
 w - 5 silver javelins
 x - 18 poisoned javelins (quivered)
 H - 4 silver tomahawks
 J - 3 tomahawks
 M - 3 javelins of penetration
 Y - 8 tomahawks of dispersal
 Z - 10 poisoned tomahawks
Armour
 a - a +0 pair of gloves (worn)
 D - a +0 pair of boots (worn)
 E - a +2 helmet of intelligence (worn)
 U - a +3 scale mail of poison resistance (worn)
Jewellery
 n - an uncursed ring of fire
 o - a +2 ring of protection (left hand)
 N - an amulet of clarity (around neck)
 O - an uncursed amulet of the gourmand
 V - an uncursed ring of ice
 W - an uncursed ring of see invisible
 X - a ring of protection from cold (right hand)
Magical devices
 c - a wand of heal wounds (2)
 l - a wand of fire (5)
Scrolls
 j - 3 scrolls of blinking
 k - 3 scrolls of remove curse
 r - a scroll of enchant weapon
 t - 5 scrolls of identify
 u - 4 scrolls of recharging
 y - a scroll of silence
 I - 2 scrolls of fog
 P - a scroll of enchant armour
Potions
 e - 8 potions of curing
 f - 12 potions of heal wounds
 h - 4 potions of magic
 i - 2 potions of berserk rage
 p - 2 potions of cure mutation
 s - a potion of lignification
 z - 3 potions of might
 A - 2 potions of resistance
 Q - a potion of cancellation
 R - 2 potions of agility
 S - a potion of ambrosia
 T - a potion of restore abilities
Books
 q - a tome of Destruction
Comestibles
 d - 13 bread rations
 B - 39 fruits
 C - 12 meat rations


   Skills:
 + Level 13.3 Fighting
 - Level 20.1 Axes
 - Level 11.9 Throwing
 - Level 7.6 Armour
 - Level 2.1 Dodging
 - Level 2.1 Stealth
 - Level 25.3 Evocations


You had 12 spell levels left.
You didn't know any spells.

Dungeon Overview and Level Annotations

Branches:
Dungeon (1/1)

Altars:
Cheibriados
Dithmenos
Elyvilon
Fedhas
Gozag
Kikubaaqudgha
Makhleb
Nemelex Xobeh
Okawaru
Qazlal
Ru
Sif Muna
Trog
Vehumet
Xom
Yredelemnul
Zin
The Shining One
Beogh
Jiyva
Lugonu

Shops:
D **=!


Innate Abilities, Weirdness & Mutations

You are resistant to damage.
You can recharge devices by infusing magical energy.
You passively map the area around you.
You do not heal naturally.


Message History

The large rock hits the stone giant but does no damage.
The stone giant hits you!!!
* * * LOW HITPOINT WARNING * * *
Unknown command.
Unknown command.
Unknown command.
Evoke which item? (* to show all) (? for menu, Esc to quit)
Zapping:
c - a wand of heal wounds (3)
Press: ? - help, Shift-Dir - straight line, f - you, p - stone giant You feel much better.
This wand has 2 charges left.
You flicker back into view.
The catoblepas bellows!
The spriggan air mage mumbles some strange words.
The winds start to flow at the spriggan air mage's will.
The stone giant hits you!!
* * * LOW HITPOINT WARNING * * *
Evoke which item? (* to show all) (? for menu, Esc to quit)
Okay, then.
The stone giant throws a large rock.
The large rock hits you!!!
You die...

, *
*,▓.▓.▓.▓.▓.▓.▓.▓.▓.
* , ,
▓.▓.▓.▓.▓'▓.▓.▓.▓. *
* *
▓.▓.▓.▓.▓.▓.▓.▓.▓. ,
* ,
,▓.▓.▓.▓.▓.▓.▓.▓.▓.
,* *
▓.▓.▓.▓.▓.▓.▓(▓.▓. ,
* ▓.▓(▓.▓.▓.▓.▓'▓.▓.
* *
▓.▓.▓)▓.▓.▓.▓(▓.▓. *
,*
▓.▓.▓'▓.▓)▓.▓)▓.▓. *
, ,
,▓@▓.▓.▓.▓)▓.▓[▓.▓.
, *, ,
▓'▓.▓.▓.▓)▓.▓[▓.▓.
,*
▓C▓.▓.▓.▓)▓.▓[▓.▓.
*, , *
,▓C▓.▓.▓.▓)▓.▓)▓.▓.
, ,
▓C▓.▓.▓.▓)▓.▓.▓.▓. ,
, * *
▓C▓.▓.▓.▓)▓.▓.▓.▓' ,
*
*,▓T▓.▓.▓.▓)▓.▓.▓.▓.
* ▓Y▓.▓)▓.▓.▓.▓.▓.▓)
*,*
▓i▓.▓÷▓.▓[▓.▓.▓.▓.


You could see a frost giant, 2 stone giants, a catoblepas, an ettin, a spriggan
air mage and a deep troll earth mage.

Vanquished Creatures
  3 stone giants (D)
  A merfolk impaler (D)
  2 hydras (D)
  Nessos (D)
  A centaur warrior (D)
  A death yak (D)
  An alligator (D)
  2 orc high priests (D)
  A shock serpent (D)
  A spriggan (D)
  2 hill giants (D)
  2 sea snakes (D)
  4 orc knights (D)
  A wolf spider (D)
  2 orc sorcerers (D)
  An ugly thing (D)
  A moth of wrath (D)
  A siren (D)
  2 black mambas (D)
  4 spiny frogs (D)
  An orange demon (D)
  A naga mage (D)
  3 demonic crawlers (D)
  A tengu conjurer (D)
  A komodo dragon (D)
  2 merfolk (D)
  2 jumping spiders (D)
  A slime creature (D)
  A giant leech (D)
  2 wind drakes (D)
  A water elemental (D)
  A shadow (D)
  A trapdoor spider (D)
  A redback (D)
  2 orc zombies (D)
  A yak (D)
  A hippogriff (D)
  5 wolves (D)
  A hell hound (D)
  A vampire mosquito (D)
  A naga (D)
  2 wargs (D)
  A water moccasin (D)
  A wasp (D)
  2 eyes of draining (D)
  A centaur (D)
  A black bear (D)
  2 giant frogs (D)
  A scorpion (D)
  A crimson imp (D)
  A hound (D)
  5 orc priests (D)
  2 orc wizards (D)
  A worker ant (D)
  5 adders (D)
  A river rat (D)
  An ooze (D)
  10 orcs (D)
  A bat skeleton (D)
  2 hobgoblins (D)
  3 quokkas (D)
  2 bats (D)
  A giant gecko skeleton (D)
  A giant newt (D)
  A jackal zombie (D)
  2 kobolds (D)
  A rat (D)
  A plant (D)
118 creatures vanquished.

Vanquished Creatures (collateral kills)
  A greater naga (D)
  A tengu warrior (D)
  A shock serpent (D)
  3 orc knights (D)
  A hill giant (D)
  An ugly thing (D)
  A naga mage (D)
  A shadow (D)
  2 water moccasins (D)
  9 orc warriors (D)
  2 orcs (D)
  A quokka skeleton (D)
24 creatures vanquished.

Vanquished Creatures (others)
  A deep troll (D)
  A hill giant (D)
2 creatures vanquished.

Grand Total: 144 creatures vanquished

Notes
Turn   | Place    | Note
--------------------------------------------------------------
     0 | D        | BluebellGnoll, the Deep Dwarf Berserker, began the quest for the Orb.
     0 | D        | Reached XP level 1. HP: 20/20 MP: 1/1
    12 | D        | Acquired Trog's second power
    12 | D        | Reached skill level 4 in Evocations
    30 | D        | Noticed a centaur
    30 | D        | Noticed a scorpion
    47 | D        | Killed a centaur
    47 | D        | Reached skill level 9 in Axes
    47 | D        | Reached XP level 2. HP: 10/27 MP: 3/3
    47 | D        | Reached XP level 3. HP: 12/33 MP: 5/5
    47 | D        | Reached XP level 4. HP: 14/40 MP: 7/7
    53 | D        | Killed a scorpion
    53 | D        | Acquired Trog's third power
    53 | D        | Reached skill level 10 in Axes
    53 | D        | Reached XP level 5. HP: 20/46 MP: 9/9
    68 | D        | Found a glowing silver altar of Zin.
    68 | D        | Found a glowing golden altar of the Shining One.
    68 | D        | Found an ancient bone altar of Kikubaaqudgha.
    68 | D        | Found a basalt altar of Yredelemnul.
    68 | D        | Found a shimmering altar of Xom.
    68 | D        | Found a radiant altar of Vehumet.
    68 | D        | Found an iron altar of Okawaru.
    69 | D        | Found a burning altar of Makhleb.
    70 | D        | Found a deep blue altar of Sif Muna.
    71 | D        | Found a bloodstained altar of Trog.
    72 | D        | Found a sparkling altar of Nemelex Xobeh.
    73 | D        | Found a white marble altar of Elyvilon.
    74 | D        | Found a roughly hewn altar of Beogh.
    75 | D        | Found a viscous altar of Jiyva.
    76 | D        | Found a corrupted altar of Lugonu.
    77 | D        | Found a blossoming altar of Fedhas.
    78 | D        | Found a snail-covered altar of Cheibriados.
    79 | D        | Found a shadowy altar of Dithmenos.
    80 | D        | Found a stormy altar of Qazlal.
    81 | D        | Found an opulent altar of Gozag.
    83 | D        | Found a sacrificial altar of Ru.
   137 | D        | Noticed a black bear
   137 | D        | Noticed an orc wizard
   138 | D        | Reached skill level 5 in Evocations
   138 | D        | Killed an orc wizard
   140 | D        | Killed a black bear
   140 | D        | Reached skill level 5 in Fighting
   140 | D        | Reached XP level 6. HP: 35/61 MP: 10/13
   148 | D        | Received a gift from Trog
   173 | D        | Noticed a worker ant
   173 | D        | Noticed a green ugly thing
   173 | D        | Noticed a shadow
   173 | D        | Noticed a hill giant
   173 | D        | Noticed a giant frog
   177 | D        | Killed a worker ant
   183 | D        | Killed a green ugly thing
   186 | D        | Killed a shadow
   186 | D        | Reached skill level 10 in Evocations
   186 | D        | Reached XP level 7. HP: 62/72 MP: 14/18
   188 | D        | Killed a hill giant
   188 | D        | Reached skill level 11 in Evocations
   195 | D        | Killed a giant frog
   319 | D        | Noticed a yak
   319 | D        | Noticed a hound
   319 | D        | Noticed a giant frog
   319 | D        | Noticed a spiny frog
   322 | D        | Killed a yak
   322 | D        | Reached skill level 12 in Evocations
   322 | D        | Killed a hound
   322 | D        | Received a gift from Trog
   322 | D        | Reached skill level 13 in Evocations
   322 | D        | Reached XP level 8. HP: 84/84 MP: 20/22
   322 | D        | Received a gift from Trog
   323 | D        | Noticed a black mamba
   325 | D        | Killed a giant frog
   326 | D        | Killed a spiny frog
   326 | D        | Reached skill level 15 in Evocations
   326 | D        | Killed a black mamba
   326 | D        | Reached skill level 17 in Evocations
   335 | D        | Received a gift from Trog
   351 | D        | Noticed a komodo dragon
   351 | D        | Noticed a spiny frog
   351 | D        | Noticed a water moccasin
   351 | D        | Noticed a hippogriff
   353 | D        | Killed a water moccasin
   355 | D        | Killed a komodo dragon
   355 | D        | Reached skill level 18 in Evocations
   355 | D        | Gained mutation: You passively map the area around you. [level up]
   355 | D        | Reached XP level 9. HP: 68/90 MP: 26/26
   356 | D        | Noticed a spiny frog
   357 | D        | Killed a spiny frog
   357 | D        | Received a gift from Trog
   357 | D        | Reached skill level 19 in Evocations
   358 | D        | Killed a hippogriff
   358 | D        | Reached skill level 20 in Evocations
   360 | D        | Killed a spiny frog
   378 | D        | Noticed a warg
   378 | D        | Noticed a wolf
   378 | D        | Noticed a wolf
   378 | D        | Noticed a wolf
   379 | D        | Noticed a hell hound
   380 | D        | Noticed a warg
   382 | D        | Noticed a wolf
   384 | D        | Noticed a wolf
   385 | D        | Killed a warg
   385 | D        | Received a gift from Trog
   385 | D        | Killed a wolf
   385 | D        | Killed a warg
   388 | D        | Killed a hell hound
   392 | D        | Killed a wolf
   393 | D        | Killed a wolf
   400 | D        | Killed a wolf
   400 | D        | Reached skill level 10 in Fighting
   407 | D        | Killed a wolf
   407 | D        | Received a gift from Trog
   408 | D        | Got a warped battleaxe {god gift}
   541 | D        | Noticed an orc knight
   541 | D        | Noticed a stone giant
   541 | D        | Noticed an orc priest
   541 | D        | Noticed an orc priest
   541 | D        | Noticed an orc priest
   542 | D        | Killed an orc priest
   542 | D        | Killed an orc priest
   542 | D        | Received a gift from Trog
   542 | D        | Reached skill level 1 in Throwing
   543 | D        | Killed an orc knight
   543 | D        | Reached skill level 5 in Throwing
   543 | D        | Reached XP level 10. HP: 76/102 MP: 28/28
   545 | D        | Killed a stone giant
   545 | D        | Killed an orc priest
   547 | D        | Noticed an orc priest
   549 | D        | Noticed an orc wizard
   552 | D        | Noticed an orc priest
   554 | D        | Noticed an orc knight
   554 | D        | Killed an orc priest
   555 | D        | Killed an orc wizard
   555 | D        | Received a gift from Trog
   565 | D        | Killed an orc priest
   569 | D        | Killed an orc knight
   583 | D        | Received a gift from Trog
   619 | D        | Noticed an orc knight
   619 | D        | Noticed an orc warrior
   619 | D        | Noticed an orc warrior
   619 | D        | Noticed an orc warrior
   619 | D        | Noticed an orc warrior
   619 | D        | Noticed an orc warrior
   619 | D        | Noticed an orc warrior
   624 | D        | Killed an orc knight
   624 | D        | Reached skill level 21 in Evocations
   625 | D        | Killed an orc warrior
   626 | D        | Killed an orc warrior
   629 | D        | Killed an orc warrior
   630 | D        | Killed an orc warrior
   630 | D        | Received a gift from Trog
   631 | D        | Killed an orc warrior
   633 | D        | Killed an orc warrior
   633 | D        | Received a gift from Trog
   636 | D        | Received a gift from Trog
   637 | D        | Noticed an orc knight
   640 | D        | Noticed an orc warrior
   643 | D        | Noticed an orc warrior
   644 | D        | Noticed an orc warrior
   645 | D        | Killed an orc knight
   646 | D        | Killed an orc warrior
   651 | D        | Killed an orc warrior
   653 | D        | Killed an orc warrior
   707 | D        | Identified the +4 battleaxe of Compound Interest {chop, Noisy +Fly rPois- Str+3} (Trog gifted it to you in the Dungeon)
   709 | D        | Found Uxaannellu's General Store.
   709 | D        | Noticed an orc high priest
   709 | D        | Noticed an orc knight
   709 | D        | Noticed an orc high priest
   710 | D        | Found Wiagel's General Store.
   711 | D        | Received a gift from Trog
   712 | D        | Killed an orc high priest
   712 | D        | Reached skill level 22 in Evocations
   712 | D        | Received a gift from Trog
   713 | D        | Noticed an orc knight
   715 | D        | Killed an orc knight
   715 | D        | Reached skill level 23 in Evocations
   715 | D        | Killed an orc knight
   715 | D        | Reached XP level 11. HP: 97/108 MP: 10/30
   716 | D        | Found Umibyi's Jewellery Emporium.
   717 | D        | Noticed an ice devil
   717 | D        | Killed an orc high priest
   717 | D        | Reached skill level 24 in Evocations
   734 | D        | Found Psag's Distillery.
   737 | D        | Noticed an orc sorcerer
   757 | D        | Killed an orc sorcerer
   757 | D        | Received a gift from Trog
   768 | D        | Noticed an orc sorcerer
   771 | D        | Noticed an orc knight
   775 | D        | Killed an orc sorcerer
   775 | D        | Reached skill level 25 in Evocations
   792 | D        | Killed an orc knight
   798 | D        | Received a gift from Trog
   826 | D        | Bought an uncursed amulet of clarity for 260 gold pieces
   826 | D        | Bought an uncursed amulet of the gourmand for 390 gold pieces
   830 | D        | Bought a scroll of enchant armour for 105 gold pieces
   830 | D        | Bought 3 scrolls of identify for 84 gold pieces
   830 | D        | Bought a potion of curing for 42 gold pieces
   836 | D        | Bought a potion of cancellation for 104 gold pieces
   836 | D        | Bought a potion of agility for 52 gold pieces
   836 | D        | Bought a potion of ambrosia for 104 gold pieces
   836 | D        | Bought a potion of restore abilities for 65 gold pieces
   836 | D        | Bought a potion of poison for 13 gold pieces
   836 | D        | Bought a potion of resistance for 130 gold pieces
   836 | D        | Bought a potion of might for 52 gold pieces
   836 | D        | Bought a potion of curing for 39 gold pieces
   836 | D        | Bought a potion of heal wounds for 65 gold pieces
   845 | D        | Bought a +3 scale mail of poison resistance for 299 gold pieces
  1039 | D        | Noticed a hill giant
  1039 | D        | Noticed an eye of draining
  1039 | D        | Noticed a tengu warrior
  1039 | D        | Noticed a hill giant
  1039 | D        | Noticed a crimson imp
  1047 | D        | Killed a hill giant
  1050 | D        | Noticed an eye of draining
  1052 | D        | Noticed a tengu conjurer
  1053 | D        | Killed an eye of draining
  1057 | D        | Noticed a stone giant
  1062 | D        | Killed a tengu warrior
  1062 | D        | Received a gift from Trog
  1068 | D        | Killed an eye of draining
  1069 | D        | Killed a hill giant
  1069 | D        | Killed a tengu conjurer
  1070 | D        | Killed a stone giant
  1070 | D        | Reached skill level 15 in Axes
  1071 | D        | Noticed a stone giant
  1075 | D        | Killed a stone giant
  1076 | D        | Killed a crimson imp
  1081 | D        | Received a gift from Trog
  1086 | D        | Received a gift from Trog
  1088 | D        | Noticed a centaur warrior
  1092 | D        | Killed a centaur warrior
  1092 | D        | Received a gift from Trog
  1093 | D        | Noticed a cyan ugly thing
  1095 | D        | Noticed a slime creature
  1100 | D        | Killed a cyan ugly thing
  1103 | D        | Killed a slime creature
  1104 | D        | Noticed a death yak
  1120 | D        | Killed a death yak
  1120 | D        | Reached XP level 12. HP: 97/116 MP: 12/31
  1267 | D        | Noticed a demonic crawler
  1267 | D        | Noticed a demonic crawler
  1267 | D        | Noticed a redback
  1267 | D        | Noticed a jumping spider
  1267 | D        | Noticed a moth of wrath
  1267 | D        | Noticed a demonic crawler
  1268 | D        | Killed a jumping spider
  1268 | D        | Killed a redback
  1269 | D        | Noticed a wolf spider
  1271 | D        | Noticed a jumping spider
  1271 | D        | Killed a demonic crawler
  1271 | D        | Killed a demonic crawler
  1271 | D        | Received a gift from Trog
  1271 | D        | Killed a moth of wrath
  1278 | D        | Killed a demonic crawler
  1282 | D        | Killed a wolf spider
  1282 | D        | Received a gift from Trog
  1292 | D        | Noticed a trapdoor spider
  1302 | D        | Killed a trapdoor spider
  1309 | D        | Killed a jumping spider
  1359 | D        | Noticed a shock serpent
  1359 | D        | Noticed a water moccasin
  1359 | D        | Noticed a water moccasin
  1359 | D        | Noticed a naga mage
  1359 | D        | Noticed a greater naga
  1359 | D        | Noticed a shock serpent
  1359 | D        | Noticed a naga mage
  1362 | D        | Killed a shock serpent
  1362 | D        | Killed a water moccasin
  1364 | D        | Killed a water moccasin
  1368 | D        | Noticed a black mamba
  1368 | D        | Killed a greater naga
  1368 | D        | Received a gift from Trog
  1368 | D        | Received a gift from Trog
  1368 | D        | Reached skill level 1 in Stealth
  1370 | D        | Noticed a naga
  1370 | D        | Killed a naga mage
  1374 | D        | Killed a naga mage
  1374 | D        | Received a gift from Trog
  1377 | D        | Killed a shock serpent
  1377 | D        | Killed a black mamba
  1379 | D        | Killed a naga
  1466 | D        | Noticed a four-headed hydra
  1466 | D        | Noticed a seven-headed hydra
  1466 | D        | Noticed a spiny frog
  1466 | D        | Noticed a shadow
  1466 | D        | Noticed a giant leech
  1466 | D        | Noticed an alligator
  1466 | D        | Noticed a vampire mosquito
  1467 | D        | Killed a shadow
  1468 | D        | Killed a four-headed hydra
  1468 | D        | Reached skill level 10 in Throwing
  1468 | D        | Killed a seven-headed hydra
  1468 | D        | Received a gift from Trog
  1468 | D        | Killed a spiny frog
  1469 | D        | Noticed a spriggan rider
  1472 | D        | Killed an alligator
  1473 | D        | Killed a vampire mosquito
  1475 | D        | Killed a giant leech
  1482 | D        | Killed a spriggan rider
  1482 | D        | Killed a wasp
  1484 | D        | Received a gift from Trog
  1528 | D        | Noticed a merfolk
  1528 | D        | Noticed a sea snake
  1528 | D        | Noticed a siren
  1528 | D        | Noticed a sea snake
  1528 | D        | Noticed a merfolk impaler
  1528 | D        | Noticed a wind drake
  1528 | D        | Noticed a wind drake
  1529 | D        | Noticed a merfolk
  1531 | D        | Killed a merfolk
  1531 | D        | Killed a sea snake
  1532 | D        | Noticed a water elemental
  1533 | D        | Killed a siren
  1533 | D        | Received a gift from Trog
  1533 | D        | Killed a sea snake
  1535 | D        | Killed a merfolk impaler
  1535 | D        | Killed a water elemental
  1536 | D        | Killed a merfolk
  1537 | D        | Killed a wind drake
  1546 | D        | Killed a wind drake
  1546 | D        | Reached XP level 13. HP: 102/130 MP: 30/30
  1553 | D        | Received a gift from Trog
  1637 | D        | Noticed Nessos
  1647 | D        | Killed Nessos
  1692 | D        | Noticed a stone giant
  1692 | D        | Noticed a stone giant
  1692 | D        | Noticed a frost giant
  1692 | D        | Noticed an ettin
  1692 | D        | Noticed a deep troll earth mage
  1692 | D        | Noticed a catoblepas
  1692 | D        | Noticed a spriggan air mage
  1693 | D        | Noticed an iron dragon
  1696 | D        | Hit by a large rock thrown by a stone giant

Action                   |  1- 3 |  4- 6 |  7- 9 | 10-12 | 13-15 || total
-------------------------+-------+-------+-------+-------+-------++-------
Melee: Hand axe          |    27 |     7 |       |       |       ||    34
       War axe           |       |    10 |     7 |       |       ||    17
       Battleaxe         |       |       |    31 |    91 |       ||   122
Throw: Javelin           |       |       |       |    37 |     8 ||    45
       Tomahawk          |       |       |       |     1 |       ||     1
Invok: Trog's Hand       |     1 |     3 |     3 |    10 |     2 ||    19
       Berserk           |       |     1 |       |       |       ||     1
       Brothers in Arms  |       |     1 |       |     4 |       ||     5
 Abil: Device Recharging |       |       |     1 |     4 |     1 ||     6
Evoke: Wand              |       |     1 |     9 |    33 |     2 ||    45
       tome              |       |       |       |     1 |       ||     1
  Use: Potion            |     1 |       |       |       |     1 ||     2
  Eat: Chunk             |       |       |     2 |    21 |       ||    23
       Fruit             |       |       |       |     1 |       ||     1
